 Dungeon Crawl Stone Soup version 0.32-a0-473-gd044c6f0f0 (webtiles) character file.

Game seed: 2391669415995345452

18292 FexLirch the Fighter (level 12, -4/97 HPs)
             Began as a Coglin Chaos Knight on Feb 24, 2024.
             Was a Plaything of Xom.
             Slain by a komodo dragon (28 damage)
             ... on level 1 of the Lair of Beasts on Feb 25, 2024.
             The game lasted 01:38:09 (11784 turns).

FexLirch the Fighter (Coglin Chaos Knight)         Turns: 11784, Time: 01:38:10

Health: -4/97      AC:  7    Str: 17    XL:     12   Next: 57%
Magic:  11/16      EV: 18    Int: 11    God:    Xom [..*...]
Gold:   451        SH:  5    Dex: 23    Spells: 4/14 levels left

rFire   + . .        q - +0 long sword (heavy) {Inés}
rCold   + . .        m - +1 short sword (elec) {Udom}
rNeg    . . .        D - +1 leather armour of the Komodo Dragon {rPois Will- Stlth+}
rPois   +            X - +2 hat
rElec   .            l - scarf {rC+ rF+}
rCorr   .            (no gloves)
SInv    +            I - +0 pair of boots
Will    .....        e - amulet of reflection
Stlth   +++++        y - +6 ring of dexterity
HPRegen 0.36/turn    h - ring of wizardry
MPRegen 0.15/turn

%: reflection, wizardry (x1)
@: revved
A: off-hand wielding, slow wielding, warmup strikes, no rings, fangs 1, see
invisible, high MP 1, screaming 1, strong 1, wild magic 1, evolution 1,
inability to drink after injury 2
a: Renounce Religion


You were on level 1 of the Lair of Beasts.
You worshipped Xom.
You were a toy of Xom.
You visited 2 branches of the dungeon, and saw 12 of its levels.

You collected 1134 gold pieces.
You spent 683 gold pieces at shops.

Inventory:

Hand Weapons
 a - a +0 falchion of chaos {Luis}
 m - a +1 short sword of electrocution (offhand) {Udom}
 n - a +0 sling
 q - a +0 heavy long sword (weapon) {Inés}
 F - a +3 dagger of venom {Ari}
 Q - a +2 dagger of venom
Missiles
 j - 101 stones
 r - 17 boomerangs
 x - 6 darts of dispersal
 B - 2 javelins
 E - 36 poisoned darts (quivered)
 K - a curare-tipped dart
Armour
 b - a +2 leather armour
 l - a scarf of resistance (worn)
 v - an orb of energy
 D - the +1 leather armour of the Komodo Dragon (worn) {rPois Will- Stlth+}
   (You found it on level 3 of the Dungeon)

   rPois:     It protects you from poison Will-: It decreases your willpower.
   Stlth+:    It makes you more stealthy.
 I - a +0 pair of boots (worn)
 L - +0 steam dragon scales
 P - a +0 troll leather armour
 U - the +5 ring mail of Submission {Stlth+}
   (You found it on level 10 of the Dungeon)

   Stlth+:    It makes you more stealthy.
 X - a +2 hat (worn)
Magical Staves
 M - the staff "Bisuno" {rN+++ Str-2 Int+6 Earth}
   (You acquired it on level 1 of the Lair of Beasts)

   [staff of earth]

   Base accuracy: +5 Base damage: 5 Base attack delay: 1.2 This weapon's minimum
   attack delay (0.6) is reached at skill level 12.
   Str-2:     It affects your strength (-2).
   Int+6:     It affects your intelligence (+6).
   rN+++:     It renders you almost immune to negative energy.
   Earth:     It increases the power of your Earth spells.
   It falls into the 'Staves' category.
   It is a one-graspered weapon.
Jewellery
 e - an amulet of reflection (around neck)
 h - a ring of wizardry (right grasper)
 o - an amulet of magic regeneration
 y - a +6 ring of dexterity (left grasper)
 R - a ring of flight
Wands
 S - a wand of acid (15)
Scrolls
 f - 2 scrolls of enchant weapon
 i - a scroll of noise
 k - 2 scrolls of vulnerability
 s - a scroll of immolation
 z - 4 scrolls of teleportation
 A - 3 scrolls of blinking
 J - 3 scrolls of amnesia
 O - 2 scrolls of fear
 V - a scroll of revelation
 W - a scroll of summoning
Potions
 c - a potion of cancellation {unknown}
 d - a potion of brilliance
 g - a potion of magic
 p - a potion of resistance
 t - 3 potions of curing
 u - 3 potions of mutation
 w - 3 potions of haste
 C - a potion of experience
 G - a potion of heal wounds
 H - a potion of berserk rage
Miscellaneous
 N - a phial of floods
 T - a phantom mirror


   Skills:
 + Level 9.9 Fighting
 - Level 9.5 Long Blades
 + Level 2.0 Staves
 - Level 3.0 Armour
 - Level 8.3 Dodging
 - Level 7.3 Stealth
 + Level 1.7 Spellcasting
 - Level 6.5 Hexes
 - Level 3.7 Translocations
 * Level 3.0 Earth Magic
 + Level 2.9 Evocations


You had 4 spell levels left.
You knew the following spells:

 Your Spells              Type           Power      Damage    Failure   Level
a - Lesser Beckoning      Tloc           22%        N/A       7%          2
b - Jinxbite              Hex            40%        N/A       2%          2
c - Confusing Touch       Hex            20%        N/A       4%          3
d - Stone Arrow           Conj/Erth      10%        3d7       28%         3

Your spell library contained the following spells:

 Spells                   Type           Power      Damage    Failure   Level
 Kiss of Death            Conj/Necr      4%         2d5       19%         1
 Call Canine Familiar     Summ           1%         N/A       45%         3
 Vampiric Draining        Necr           1%         2d6       45%         3
 Iskenderun's Mystic Bla  Conj/Tloc      6%         2d4       58%         4
 Animate Armour           Summ/Erth      10%        N/A       63%         4
 Dispel Undead            Necr           1%         3d6       82%         4
 Yara's Violent Unravell  Hex/Alch       5%         3d4       73%         5
 Dispersal                Tloc           5%         N/A       99%         6
 Enfeeble                 Hex            10%        N/A       100%        7
 Haunt                    Necr/Summ      0%         N/A       100%        7
 Malign Gateway           Summ/Tloc      3%         N/A       100%        7
 Monstrous Menagerie      Summ           0%         N/A       100%        7
 Lehudib's Crystal Spear  Conj/Erth      2%         10d2      100%        8
 Chain Lightning          Conj/Air       0%         2d1       100%        9
 Fire Storm               Conj/Fire      0%         6d1       100%        9
 Shatter                  Erth           4%         3d8*      100%        9


Dungeon Overview and Level Annotations

Branches:
Dungeon (11/15)            Temple (0/1) D:7            Lair (1/5) D:11
    Orc (0/2) D:11

Altars:
Cheibriados
Dithmenos
Fedhas
Hepliaklqana
Kikubaaqudgha
Xom
The Shining One

Shops:
D:3 ?   D:11 !*

Annotations:
D:11 3 runed translucent doors


Innate Abilities, Weirdness & Mutations

You can wield a second weapon in your off-hand.
It takes a long time for you to wield or remove held weapons.
Your first few attacks do less damage.
Your grasper-arms cannot wear rings.
You have very sharp teeth.
You have supernaturally acute eyesight. (SInv)
You have an increased reservoir of magic. (+10% MP)
You occasionally shout uncontrollably at your foes.
Your muscles are strong. (Str +4, Int/Dex -1)
Your spells are a little harder to cast, but a little more powerful.
You have hidden genetic potential.
You sometimes lose the ability to drink potions when taking damage.


Message History

You closely miss the komodo dragon with your +0 heavy long sword.
The komodo dragon bites you!!
You hit the komodo dragon but do no damage.
You bite the komodo dragon, but do no damage.
The komodo dragon is lightly wounded.
You hit the komodo dragon with your +1 short sword of electrocution.
Lightning courses through the komodo dragon!!
The komodo dragon bites you!!
Casting: Stone Arrow (dangerous; 28% risk of failure)
Confirm with . or Enter, or press ? or * to list all spells.
Your graspers begin to glow red.
The komodo dragon closely misses you. x2
You hit the komodo dragon but do no damage. x2
The komodo dragon appears confused.
The komodo dragon barely misses you.
Casting: Confusing Touch (mildly dangerous; 4% risk of failure)
Confirm with . or Enter, or press ? or * to list all spells.
Your graspers begin to glow red.
The komodo dragon closely misses you.
You hit the komodo dragon but do no damage.
You bite the komodo dragon.
The komodo dragon is severely wounded.
You hit the komodo dragon but do no damage.
The komodo dragon bites you!
You hit the komodo dragon but do no damage.
The komodo dragon is severely wounded.
You hit the komodo dragon but do no damage.
The komodo dragon misses you.
You hit the komodo dragon but do no damage.
Your bite misses the komodo dragon.
The komodo dragon is severely wounded.
You completely miss the komodo dragon with your +0 heavy long sword.
The komodo dragon misses you.
You hit the komodo dragon but do no damage.
The komodo dragon is heavily wounded.
You hit the komodo dragon but do no damage.
The komodo dragon bites you!
* * * LOW HITPOINT WARNING * * *
You hit the komodo dragon but do no damage.
The komodo dragon is heavily wounded.
You hit the komodo dragon but do no damage.
The komodo dragon appears confused.
The komodo dragon bites you!!
You die...

###..........#
##..........## #..........#
#............## ##........##
#.............# #.......##
##.............# ####...##
#.............## ##
#########............##
###.###.#P#......P..†...#.#
##..........l...#.#.#####.##
#............@...#### ###
#.......##..##..##
.......##...###.# ##
......##....##...# ##.#
...l.. #..####..## #....
..... ##.......####.... ##
..... ####....##....# ##P
.... ........#....# #P. ....
.....P#....# ##..


You could see a komodo dragon (confused).

Vanquished Creatures
  Gastronok (Lair:1)
  3 boulder beetles (D:10)
  A two-headed ogre (D:11)
  Lodul (D:10)
  Pikel (D:4)
  2 ugly things
  2 elephants (D:11)
  A cane toad (Lair:1)
  3 komodo dragons (Lair:1)
  3 kobold demonologists (D:11)
  2 unseen horrors
  A rime drake (Lair:1)
  3 trolls
  Prince Ribbit (D:5)
  A hornet (D:10)
  5 blink frogs (Lair:1)
  Sigmund (D:4)
  6 wyverns
  11 yaks
  A steam dragon (D:8)
  3 vampire mosquitoes (D:11)
  Edmund (D:4)
  6 water moccasins
  A sky beast (D:8)
  An ice beast (D:7)
  4 orc warriors (D:11)
  5 ogres
  A black bear (D:4)
  A phantom (D:5)
  6 kobold brigands
  10 bullfrogs
  5 scorpions
  3 killer bees (D:9)
  A killer bee (shapeshifter) (D:10)
  A bombardier beetle (D:5)
  2 hounds
  2 jellies (D:6)
  3 gnoll boudas
  3 orc priests
  A sleepcap (D:7)
  An iguana (D:6)
  14 orc wizards
  13 gnolls
  3 adders
  2 white imps
  2 ufetubi (D:6)
  2 ribbon worms
  4 dart slugs
  37 orcs
  4 ball pythons
  9 endoplasms
  6 giant cockroaches
  8 goblins
  9 hobgoblins
  8 jackals
  30 kobolds
  4 quokkas
  6 bats
  2 frilled lizards
  6 rats
280 creatures vanquished.

Vanquished Creatures (collateral kills)
  3 ogres (D:11)
3 creatures vanquished.

Vanquished Creatures (others)
  A kobold (D:9)
  A rat zombie (D:2)
2 creatures vanquished.

Grand Total: 285 creatures vanquished

Notes
Turn   | Place    | Note
-------+----------+-------------------------------------------
     0 | D:1      | FexLirch the Coglin Chaos Knight began the quest for the
                  | Orb.
     0 | D:1      | Reached XP level 1. HP: 18/18 MP: 1/1
    55 | D:1      | Reached skill level 1 in Dodging
    65 | D:1      | Reached XP level 2. HP: 24/24 MP: 2/2
   242 | D:1      | Reached XP level 3. HP: 29/29 MP: 3/3
   414 | D:1      | XOM: god gift: 56 gold pieces
   513 | D:1      | XOM: cloud trail
   778 | D:2      | Got the Papyrus of Necrotic Calling
   939 | D:2      | Reached XP level 4. HP: 35/35 MP: 4/4
  1123 | D:2      | XOM: cast spell 'Dispersal'
  1472 | D:2      | XOM: give mutations
  1472 | D:2      | Gained mutation: You have very sharp teeth. [Xom's grace]
  1472 | D:2      | Gained mutation: Your spells are a little harder to cast,
                  | but a little more powerful. [Xom's grace]
  1472 | D:2      | Gained mutation: Your mind is acute. (Int +4, Str/Dex -1)
                  | [Xom's grace]
  1652 | D:3      | XOM: god gift: Xom's Textbook on Peregrination {god gift}
  1653 | D:3      | Got Xom's Textbook on Peregrination {god gift}
  1682 | D:3      | Reached XP level 5. HP: 42/42 MP: 5/5
  1920 | D:3      | Found a faded altar of an unknown god.
  1955 | D:3      | Found Faosh's Magic Scroll Shop.
  1963 | D:3      | Bought a scroll of teleportation for 33 gold pieces
  1963 | D:3      | Bought a scroll of blinking for 82 gold pieces
  1963 | D:3      | Bought a scroll of summoning for 104 gold pieces
  1970 | D:3      | Found a blossoming altar of Fedhas.
  1994 | D:3      | Found a shadowy altar of Dithmenos.
  2141 | D:3      | Identified the +1 leather armour of the Komodo Dragon
                  | {rPois Will- Stlth+}
  2275 | D:3      | Found a glowing golden altar of the Shining One.
  2290 | D:3      | XOM is BORED!
  2290 | D:3      | XOM: summons 2 hostile shadow creatures
  2307 | D:4      | Noticed Pikel
  2307 | D:4      | Noticed a lemure
  2307 | D:4      | Noticed a lemure
  2307 | D:4      | Noticed a lemure
  2307 | D:4      | Noticed a lemure
  2312 | D:4      | Noticed Edmund
  2312 | D:4      | Noticed a water moccasin
  2348 | D:4      | Noticed a black bear
  2353 | D:4      | Killed a black bear
  2354 | D:4      | Reached XP level 6. HP: 48/48 MP: 6/6
  2478 | D:4      | XOM: smoke on damage
  2730 | D:4      | Killed a water moccasin
  2731 | D:4      | Reached skill level 5 in Fighting
  2731 | D:4      | Reached XP level 7. HP: 52/56 MP: 7/7
  2814 | D:4      | XOM: give mutation
  2814 | D:4      | Gained mutation: You passively map a small area around you.
                  | [Xom's grace]
  3005 | D:4      | XOM: scenery: create altars
  3012 | D:4      | Killed Pikel
  3013 | D:4      | Reached skill level 5 in Long Blades
  3013 | D:4      | Reached XP level 8. HP: 30/63 MP: 8/8
  3074 | D:4      | XOM: silly message
  3165 | D:4      | Killed Edmund
  3204 | D:4      | Noticed Sigmund
  3208 | D:4      | Killed Sigmund
  3356 | D:5      | Entered Level 5 of the Dungeon
  3396 | D:5      | Learned a level 2 spell: Lesser Beckoning
  3399 | D:5      | Learned a level 2 spell: Jinxbite
  3405 | D:5      | Noticed Prince Ribbit
  3407 | D:5      | Killed Prince Ribbit
  3408 | D:5      | Reached skill level 1 in Hexes
  3439 | D:5      | XOM: cast spell 'Iskenderun's Battlesphere'
  3567 | D:5      | Found an ancient bone altar of Kikubaaqudgha.
  3662 | D:5      | Reached skill level 5 in Dodging
  3688 | D:5      | Reached XP level 9. HP: 71/71 MP: 9/9
  4088 | D:6      | XOM: 6-stop teleportation journey
  4200 | D:6      | XOM: summons 3 hostile shadow creatures
  4395 | D:6      | Learned a level 3 spell: Confusing Touch
  4540 | D:6      | XOM: stat loss: -1 Str (11/12)
  4580 | D:6      | XOM: god gift: scroll labelled KYKIEMMOUL {god gift}
  4629 | D:7      | XOM: polymorph sky beast -> dart slug
  4645 | D:7      | XOM: confuse monster(s)
  5087 | D:7      | Found a staircase to the Ecumenical Temple.
  5162 | D:7      | XOM: give mutation
  5162 | D:7      | Gained mutation: You are agile. (Dex +4, Str/Int -1) [Xom's
                  | grace]
  5175 | D:7      | Found a snail-covered altar of Cheibriados.
  5489 | D:8      | XOM: 1-stop teleportation journey
  5618 | D:8      | Reached XP level 10. HP: 59/79 MP: 10/10
  5643 | D:8      | XOM: 2-stop teleportation journey
  5651 | D:8      | XOM: potion effect (curing)
  6040 | D:9      | Reached skill level 5 in Stealth
  6227 | D:9      | XOM: cast spell 'Olgreb's Toxic Radiance'
  6434 | D:10     | Entered Level 10 of the Dungeon
  6654 | D:10     | Noticed a green ugly thing
  6666 | D:10     | Killed a green ugly thing
  6847 | D:10     | Noticed a two-headed ogre
  6847 | D:10     | an orc wizard changed into a glowing shapeshifter
  6847 | D:10     | Noticed a glowing shapeshifter (glowing shapeshifter)
  6847 | D:10     | XOM: polymorph orc wizard -> glowing shapeshifter
  6847 | D:10     | a glowing shapeshifter changed into a river rat
  6920 | D:10     | Noticed a boulder beetle
  6920 | D:10     | Noticed an arcanist
  6920 | D:10     | Noticed a centaur warrior
  6920 | D:10     | Noticed a green ugly thing
  6926 | D:10     | XOM: cleaving
  6935 | D:10     | XOM: swap monsters
  6988 | D:10     | Found a hazy altar of Hepliaklqana.
  6990 | D:10     | Found a shimmering altar of Xom.
  6991 | D:10     | Noticed a spectral ugly thing
  7271 | D:11     | Found Focererpha's Distillery.
  7272 | D:11     | Found a runed translucent gate.
  7275 | D:11     | Found a runed translucent gate.
  7276 | D:11     | XOM: enchant monster (good)
  7277 | D:11     | Found a runed translucent gate.
  7280 | D:11     | Killed a two-headed ogre
  7296 | D:11     | XOM: summons 3 friendly demons
  7438 | D:11     | XOM: fake destruction
  7448 | D:11     | Reached skill level 5 in Hexes
  7531 | D:9      | XOM: confuse monster(s)
  7537 | D:9      | XOM: fog
  7904 | D:10     | XOM: butterfly on damage
  7907 | D:10     | XOM: scenery: create altars
  7914 | D:10     | Killed a boulder beetle
  7915 | D:10     | Reached XP level 11. HP: 44/87 MP: 11/11
  8232 | D:11     | Found Zurex's CLEARANCE SALE!.
  8452 | D:10     | Upgraded the game from 0.32-a0-450-g080537f31e to
                  | 0.32-a0-468-g38b2580584
  8452 | D:10     | Upgraded the game from 0.32-a0-468-g38b2580584 to
                  | 0.32-a0-473-gd044c6f0f0
  8456 | D:10     | XOM: give mutations
  8456 | D:10     | Gained mutation: You sometimes lose your temper in combat.
                  | [Xom's mischief]
  8456 | D:10     | Gained mutation: Your spells are harder to cast, but more
                  | powerful. [Xom's mischief]
  8457 | D:10     | Lost mutation: You passively map a small area around you.
                  | [potion of mutation]
  8457 | D:10     | Lost mutation: You sometimes lose your temper in combat.
                  | [potion of mutation]
  8457 | D:10     | Gained mutation: You have an increased reservoir of magic.
                  | (+10% MP) [potion of mutation]
  8536 | D:11     | XOM: smoke on damage
  8663 | D:11     | XOM: give mutation
  8663 | D:11     | Lost mutation: You are agile. (Dex +4, Str/Int -1) [Xom's
                  | mischief]
  8703 | D:11     | Bought a potion of heal wounds for 70 gold pieces
  8713 | D:11     | Noticed Lodul
  8757 | D:11     | Bought a potion of resistance for 140 gold pieces
  8907 | D:11     | XOM: enchant monster (good)
  8952 | D:11     | XOM: god gift: wand of acid (5)
  8974 | D:11     | XOM: enchant monster (good)
  8990 | D:10     | Killed Lodul
  8991 | D:10     | Reached skill level 1 in Translocations
  8993 | D:11     | XOM: divination: detect creatures
  9071 | D:11     | XOM: cleaving
  9072 | D:11     | XOM: summons 3 friendly demons
  9073 | D:11     | XOM: silly message
  9152 | D:11     | Killed a green ugly thing
  9170 | D:11     | XOM: silly message
  9210 | D:11     | XOM: potion effect (might)
  9239 | D:11     | XOM: silly message
  9307 | D:11     | Found a staircase to the Orcish Mines.
  9446 | D:11     | Bought a potion of heal wounds for 25 gold pieces
  9446 | D:11     | Bought a scroll of identify for 10 gold pieces
  9454 | D:11     | XOM: silly message
  9467 | D:11     | XOM: divination: magic mapping
  9478 | D:11     | XOM: divination: magic mapping
  9612 | D:11     | XOM: potion effect (berserk rage)
  9614 | D:11     | XOM: potion effect (might)
  9620 | D:11     | XOM: potion effect (brilliance)
  9637 | D:11     | XOM: potion effect (brilliance)
  9656 | D:11     | Noticed a sun demon
  9900 | D:10     | XOM: divination: detect creatures
  9931 | D:10     | Noticed a boulder beetle
  9931 | D:10     | Noticed a boulder beetle
  9942 | D:10     | XOM: fog
  9945 | D:10     | Killed a boulder beetle
  9984 | D:10     | Killed a boulder beetle
  9990 | D:10     | Identified the +5 ring mail of Submission {Stlth+}
 10249 | D:3      | Bought a scroll of revelation for 82 gold pieces
 10249 | D:3      | Bought a scroll of teleportation for 33 gold pieces
 10249 | D:3      | Bought a scroll of summoning for 104 gold pieces
 10260 | D:3      | XOM: give mutations
 10260 | D:3      | Lost mutation: Your spells are harder to cast, but more
                  | powerful. [Xom's mischief]
 10260 | D:3      | Gained mutation: You occasionally lose the ability to drink
                  | potions when taking damage. [Xom's mischief]
 10449 | D:11     | a quasit changed into a soul eater
 10449 | D:11     | Noticed a soul eater
 10449 | D:11     | XOM: polymorph quasit -> soul eater
 10461 | D:11     | XOM: cleaving
 10462 | D:11     | Reached XP level 12. HP: 77/96 MP: 13/13
 10467 | D:11     | XOM: potion effect (heal wounds)
 10473 | D:11     | XOM: confuse monster(s)
 10519 | D:11     | Found a staircase to the Lair.
 10548 | Lair:1   | Entered Level 1 of the Lair of Beasts
 10711 | Lair:1   | XOM: silly message
 10733 | Lair:1   | Identified a scroll of acquirement
 10734 | Lair:1   | Acquired the staff "Bisuno" {rN+++ Str-2 Int+6 Earth}
 10740 | Lair:1   | Learned a level 3 spell: Stone Arrow
 10874 | Lair:1   | XOM: give mutations
 10874 | Lair:1   | Gained mutation: You have supernaturally acute eyesight.
                  | (SInv) [Xom's grace]
 10874 | Lair:1   | Gained mutation: You have hidden genetic potential. [Xom's
                  | grace]
 10912 | Lair:1   | Noticed Gastronok
 10924 | Lair:1   | Reached skill level 1 in Earth Magic
 10924 | Lair:1   | Reached skill level 1 in Evocations
 10990 | Lair:1   | XOM: 3-stop teleportation journey
 11010 | Lair:1   | XOM: summons 7 hostile demons
 11113 | Lair:1   | Reached skill level 1 in Staves
 11202 | Lair:1   | Reached skill level 1 in Spellcasting
 11244 | Lair:1   | XOM: give mutations
 11244 | Lair:1   | Gained mutation: You occasionally shout uncontrollably at
                  | your foes. [Xom's mischief]
 11244 | Lair:1   | Gained mutation: You sometimes lose the ability to drink
                  | potions when taking damage. [Xom's mischief]
 11244 | Lair:1   | Lost mutation: Your mind is acute. (Int +4, Str/Dex -1)
                  | [Xom's mischief]
 11259 | Lair:1   | Killed Gastronok
 11679 | Lair:1   | XOM: swap monsters
 11721 | Lair:1   | XOM: give mutation
 11721 | Lair:1   | Gained mutation: Your muscles are strong. (Str +4, Int/Dex
                  | -1) [Xom's mischief]
 11784 | Lair:1   | Slain by a komodo dragon

Illustrated notes

Levels and vault maps discovered:
D:1:      roderic_crossed_star, layout_basic
D:2:      layout_basic, amethyst_killhole
D:3:      layout_loops_ring, nicolae_dithmenos_through_a_glass_darkly,
          fedhas_altar_3, tso_oasis_becter, ebering_ecumenical_altar_abandoned,
          serial_shops, shop
D:4:      layout_loops_ring, uniq_edmund, uniq_pikel, uniq_sigmund
D:5:      layout_loops_cross, mainiacjoe_overflow_tiny_flanked,
          uniq_prince_ribbit1
D:6:      layout_gridville, nicolae_houndstooth_variations
D:7:      layout_rooms, mainiacjoe_overflow_concentric_impassable,
          minmay_temple_entry_hall
D:8:      layout_cave_pools
D:9:      layout_roguey, st_stairs_3, kennysheep_generic_room_10
D:10:     minmay_shrinking_squares, layout_loops_ring,
          regret_index_temple_of_mockery, dreamdust_wishing_well, minmay_holes,
          evilmike_butchery
D:11:     cheibrodos_iron_armory, layout_irregular_city,
          grunt_lair_entry_orc_guard_hut, david_orc_4, serial_shops, shop,
          nicolae_shop_clearance, uniq_lodul
Lair:1:   layout_cave_pods, beast_lair_carwin_6, serial_bayou_shore_a,
          uniq_gastronok

Skill      XL: |  1  2  3  4  5  6  7  8  9 10 11 12 |
---------------+-------------------------------------+-----
Dodging        | 1 2 3 4 5 6 7 8 |  8.3
Armour         | 2 3 |  3.0
Fighting       | 4 5 6 7 8 9 |  9.9
Long Blades    | 4 5 6 7 8 9 |  9.5
Stealth        | 2 3 4 6 7 |  7.3
Hexes          | 1 3 5 6 |  6.5
Translocations | 3 |  3.7
Earth Magic    | 3 |  3.0
Evocations     | 2 |  2.9
Staves         | 2 |  2.0
Spellcasting   | 1 |  1.7

Action                     |  1- 3 |  4- 6 |  7- 9 | 10-12 || total
---------------------------+-------+-------+-------+-------++-------
  Melee: Falchion          |    73 |    81 |       |       ||   154
         Whip              |    25 |       |       |       ||    25
         Short sword       |     7 |   100 |   176 |   418 ||   701
         Bite              |       |     6 |    20 |    69 ||    95
         Dagger            |       |    11 |   168 |   296 ||   475
         Long sword        |       |       |       |   105 ||   105
  Throw: Stone             |       |     7 |       |       ||     7
         Dart              |       |     2 |     3 |     4 ||     9
   Cast: Jinxbite          |       |       |     9 |     9 ||    18
         Lesser Beckoning  |       |       |     5 |     3 ||     8
         Confusing Touch   |       |       |     1 |    11 ||    12
         Stone Arrow       |       |       |       |     4 ||     4
  Evoke: Phial of floods   |       |       |       |     1 ||     1
    Use: Scroll            |       |     1 |    12 |    14 ||    27
         Potion            |       |       |       |     7 ||     7
   Stab: Sleeping          |     3 |     2 |    13 |     8 ||    26
         Distracted        |       |     1 |     2 |     3 ||     6
         Confused          |       |       |     3 |    16 ||    19
         Paralysed         |       |       |       |     7 ||     7
         Petrifying        |       |       |       |     1 ||     1
 Armour: Leather armour    |    28 |    44 |    86 |   132 ||   290
         Troll leather arm |       |       |       |    56 ||    56
         Ring mail         |       |       |       |    31 ||    31
         Skin              |       |       |       |     2 ||     2
  Dodge: Dodged            |    41 |    55 |    91 |   338 ||   525
  Block: Other             |       |       |       |    18 ||    18

Table legend: (Time is in decaauts)
 A = Elapsed time spent in this place.
 B = Non-inter-level travel time spent in this place.
 C = Inter-level travel time spent in this place.
 D = Time resting spent in this place.
 E = Time spent auto-exploring this place.
 F = Levels seen in this place.
 G = Mean time per level.
                   A        B        C        D        E       F      G
               +--------+--------+--------+--------+--------+-----+--------+
         Total |  11697 |  10127 |   1570 |   1824 |   3142 |  12 |  974.8 |
       Dungeon |  10456 |   8928 |   1528 |   1339 |   2942 |  11 |  950.5 |
          Lair |   1240 |   1198 |     42 |    485 |    200 |   1 | 1240.0 |
               +--------+--------+--------+--------+--------+-----+--------+

Top non-repeatable levels by time:
    D:11: 1920 daAuts
    D:10: 1535 daAuts
  Lair:1: 1240 daAuts
     D:4: 1016 daAuts
     D:3: 954 daAuts
     D:2: 829 daAuts
     D:8: 773 daAuts
     D:7: 720 daAuts
     D:1: 710 daAuts
     D:9: 693 daAuts
     D:5: 652 daAuts
     D:6: 650 daAuts
